 Dungeon Crawl Stone Soup version 0.30-b1-2-g02819fbbbe (webtiles) character file.

Game seed: 7110784963932387288

7604 diana the Skirmisher (level 11, -12/73 HPs)
             Began as a Kobold Hexslinger on Dec 24, 2023.
             Was a Priest of Ashenzari.
             Mangled by a two-headed ogre
             ... wielding a +0 giant club
              (26 damage)
             ... on level 10 of the Dungeon.
             The game lasted 00:29:53 (11981 turns).

diana the Skirmisher (Kobold Hexslinger)           Turns: 11981, Time: 00:29:53

Health: -12/73     AC:  7    Str:  7    XL:     11   Next: 40%
Magic:  14/14      EV: 25    Int: 18    God:    Ashenzari [***...]
Gold:   511        SH:  0    Dex: 23    Spells: 10/14 levels left

rFire   . . .        a - +1 sling
rCold   . . .        (no shield)
rNeg    . . .        n - +2 animal skin "Lashed With Me" {Evo, Range} (curse)
rPois   .            o - +0 helmet of Ashenzari's Pragmatism {Elem, Cun} (curse)
rElec   .            z - +0 cloak of the Cosmic Shame {Self, Elem} (curse)
rCorr   .            (no gloves)
SInv    +            F - +0 pair of boots of Ashenzari's Vision {Range, Bglg} (curse)
Will    .....        (no amulet)
Stlth   ++++++       g - ring of Ashenzari's Adversity {Dex+6, Bglg, Fort} (curse)
HPRegen 0.32/turn    j - ring of see invisible
MPRegen 0.14/turn

%: clarity
@: no status effects
A: small, no large weapons, nightstalker 3
a: Renounce Religion, Curse Item, Shatter the Chains


You were on level 10 of the Dungeon.
You worshipped Ashenzari.
Ashenzari was most pleased with you.
You visited 1 branch of the dungeon, and saw 10 of its levels.

You collected 511 gold pieces.

Inventory:

Hand Weapons
 a - a +1 sling (weapon)
 m - a +4 dagger of venom
Missiles
 G - 3 throwing nets
Armour
 n - the cursed +2 animal skin "Lashed With Me" (worn) {Evo, Range}
   (You took it off Robin on level 2 of the Dungeon)

   It has a curse which improves the following skills: Evocations: Evocations.
   Ranged Combat: Ranged Weapons and Throwing.
 o - the cursed +0 helmet of Ashenzari's Pragmatism (worn) {Elem, Cun}
   (You took it off Robin on level 2 of the Dungeon)

   It has a curse which improves the following skills: Elements: Fire Magic, Ice
   Magic, Air Magic and Earth Magic.
   Cunning:   Dodging and Stealth.
 z - the cursed +0 cloak of the Cosmic Shame (worn) {Self, Elem}
   (You found it on level 4 of the Dungeon)

   It has a curse which improves the following skills: Introspection: Fighting
   and Spellcasting.
   Elements:  Fire Magic, Ice Magic, Air Magic and Earth Magic.
 F - the cursed +0 pair of boots of Ashenzari's Vision (worn) {Range, Bglg}
   (You found it on level 6 of the Dungeon)

   It has a curse which improves the following skills: Ranged Combat: Ranged
   Weapons and Throwing.
   Beguiling: Conjurations, Hexes and Translocations.
Jewellery
 g - the cursed ring of Ashenzari's Adversity (left hand) {Dex+6, Bglg, Fort}
   (You found it on level 1 of the Dungeon)

   [ring of dexterity]

   Dex:       It affects your dexterity (+6).
   It has a curse which improves the following skills: Beguiling: Conjurations,
   Hexes and Translocations.
   Fortitude: Armour and Shields.
 j - a ring of see invisible (right hand)
 t - a ring of fire
 J - the ring "Peirr" {rN++ Will+}
   (You found it on level 8 of the Dungeon)

   [ring of willpower]

   rN:        It greatly protects you from negative energy.
   Will:      It increases your willpower.
Wands
 w - a wand of paralysis (10)
 C - a wand of digging (6)
 D - a wand of flame (38)
 H - a wand of polymorph (9)
Scrolls
 b - 2 scrolls of poison
 c - a scroll of fear
 e - 2 scrolls of butterflies
 h - a scroll of brand weapon
 l - 11 scrolls of identify
 p - 5 scrolls of teleportation
 r - a scroll of enchant armour
 u - a scroll of immolation
 x - a scroll of acquirement
 y - 2 scrolls of vulnerability
Potions
 d - a potion of magic
 f - a potion of heal wounds
 i - a potion of flight
 k - 2 potions of lignification
 q - 2 potions of degeneration
 s - a potion of berserk rage
 v - 6 potions of curing
 A - 3 potions of attraction
 B - a potion of brilliance
 E - 3 potions of might
 I - 2 potions of resistance


   Skills:
 + Level 8.8(10.3) Fighting
 + Level 9.9 Short Blades
 + Level 10.8(13.0) Ranged Weapons
 + Level 9.9(11.4) Dodging
 + Level 8.5(10.1) Stealth
 - Level 1.1(2.1) Spellcasting
 - Level 3.0(4.9) Hexes


You had 10 spell levels left.
You knew the following spells:

 Your Spells              Type           Power      Damage    Failure   Level
a - Slow                  Hex            76%        N/A       2%          1
b - Portal Projectile     Hex/Tloc       22%        N/A       19%         3

Your spell library contained the following spells:

 Spells                   Type           Power      Damage    Failure   Level
 Magic Dart               Conj           8%         1d3       16%         1
 Beastly Appendage        Tmut           2%         N/A       19%         1
 Necrotise                Necr           4%         1d4       19%         1
 Inner Flame              Hex/Fire       11%        N/A       19%         3
 Blink                    Tloc           4%         N/A       24%         2
 Searing Ray              Conj           4%         2d4       24%         2
 Cause Fear               Hex            9%         N/A       24%         4
 Poisonous Vapours        Pois/Air       4%         N/A       26%         2
 Wereblood                Tmut           1%         N/A       26%         2
 Vhi's Electric Charge    Tloc/Air       4%         N/A       43%         3
 Ignite Poison            Fire/Tmut/Pois 2%         N/A       45%         3
 Mephitic Cloud           Conj/Pois/Air  2%         N/A       45%         3
 Spider Form              Tmut/Pois      1%         N/A       47%         3
 Vampiric Draining        Necr           1%         2d6       47%         3
 Fulminant Prism          Conj/Hex       5%         3d7       52%         4
 Flame Wave               Conj/Fire      2%         2d4       85%         4
 Manifold Assault         Tloc           2%         N/A       85%         4
 Sticky Flame             Conj/Fire      2%         2d3       85%         4
 Agony                    Necr           1%         N/A       99%         5
 Arcjolt                  Conj/Air       1%         1d11      99%         5
 Freezing Cloud           Conj/Ice/Air   1%         6-21      99%         5
 Storm Form               Tmut/Air       1%         N/A       100%        7
 Ignition                 Fire           1%         3d3       100%        8
 Maxwell's Capacitive Co  Air            1%         ∞         100%        8


Dungeon Overview and Level Annotations

Branches:
Dungeon (10/15)            Temple (0/1) D:6
   Lair: D:8-11         Orc: D:9-12

Altars:
Ashenzari
Kikubaaqudgha
Makhleb
Nemelex Xobeh
Okawaru
Sif Muna
Uskayaw
Xom
Zin

Shops:
D:6 =   D:7 *:


Innate Abilities, Weirdness & Mutations

You are small and have problems with some larger weapons.
You are completely attuned to the shadows.


Message History

The ogre mage is lightly wounded.
You hear a shout!
You hear two shouts! x3
You shoot a sling bullet.
The sling bullet completely misses the ogre mage.
The sling bullet hits the ogre but does no damage.
A two-headed ogre comes into view.
It is wielding a +0 giant spiked club and a +0 dire flail.
You shoot a sling bullet.
The sling bullet hits the two-headed ogre.
The two-headed ogre is lightly wounded.
You shoot a sling bullet. The sling bullet hits the ogre mage!
The ogre mage is moderately wounded.
The ogre mage points at you and mumbles some strange words.
The bolt of magma misses you.
A two-headed ogre comes into view. It is wielding two +0 giant clubs.
You hear a shout!
You shoot a sling bullet.
The sling bullet barely misses the ogre mage.
You shoot a sling bullet. The sling bullet hits the ogre mage!
The ogre mage is heavily wounded.
A two-headed ogre comes into view. It is wielding two +0 giant clubs.
You shoot a sling bullet. The sling bullet hits the ogre mage!
The ogre mage is severely wounded.
The ogre mage completely misses you.
The two-headed ogre hits you with a +0 giant club!!
The two-headed ogre misses you.
You shoot a sling bullet. The sling bullet hits the ogre mage!
The ogre mage is severely wounded.
The ogre mage gestures at you while chanting.
You suddenly lose the ability to move!
The ogre mage gestures at the ogre while chanting.
The ogre seems to speed up.
The two-headed ogre hits you with a +0 giant club! x2
* * * LOW HITPOINT WARNING * * *
An ogre comes into view. It is wielding a +0 giant club.
You can move again.
Unknown command.
Unknown command.
The two-headed ogre attacks as you move away!
The two-headed ogre hits you with a +0 giant club!!
You die...

, ,* ,, , , * * * * ,
~,_ , , ,~ , ~ , , +.#
~ ~ *,* , ,,
.#..#######, ,..
..#....O.. *,,
...#.##.OO..#* *+
*#.#.##OO#{ , *,
#.....@.#, * *
##.....## , ,
*.######..##.... *
.........##.### **
######.....##.#### ,*
#....#.######.#..# *
##)##.#.######.#..#,,
,#<.).....#.....#..#+#
, {
##.#....##.##........


You could see 2 two-headed ogres, an ogre mage and 2 ogres.

Vanquished Creatures
  3 two-headed ogres
  A komodo dragon (D:10)
  Grinder (D:3)
  A troll (D:9)
  A wyvern (D:7)
  6 yaks
  2 steam dragons
  A water moccasin (D:9)
  3 sky beasts
  3 orc warriors
  An ice beast (D:8)
  2 ogres
  2 centaurs
  A phantom (D:5)
  A kobold brigand (D:7)
  Blork the orc (D:3)
  2 bullfrogs
  2 scorpions (D:6)
  A gnoll sergeant (D:7)
  17 wights
  4 crimson imps (D:3)
  3 hounds
  7 orc priests
  4 jellies
  A gnoll bouda (D:9)
  A sleepcap (D:8)
  Jessica (D:3)
  5 iguanas
  Terence (D:2)
  12 orc wizards
  A human simulacrum (D:9)
  Robin (D:2)
  12 gnolls
  7 adders
  A shadow imp (D:7)
  A white imp (D:5)
  2 worms
  A dart slug (D:5)
  30 orcs
  10 endoplasms
  5 giant cockroaches
  12 goblins
  7 hobgoblins
  7 kobolds
  2 quokkas
  10 ball pythons
  5 bats
  3 frilled lizards (D:1)
  6 rats
214 creatures vanquished.

Vanquished Creatures (others)
  A gnoll bouda (D:9)
  A human simulacrum (D:9)
  A gnoll (D:9)
3 creatures vanquished.

Grand Total: 217 creatures vanquished

Notes
Turn   | Place    | Note
-------+----------+-------------------------------------------
     0 | D:1      | diana the Kobold Hexslinger began the quest for the Orb.
     0 | D:1      | Reached XP level 1. HP: 12/12 MP: 2/2
   172 | D:1      | Reached skill level 3 in Ranged Weapons
   172 | D:1      | Reached XP level 2. HP: 16/16 MP: 3/3
   409 | D:1      | Reached XP level 3. HP: 21/21 MP: 4/4
   469 | D:1      | Found a faded altar of an unknown god.
   950 | D:2      | Noticed Robin
   964 | D:2      | Killed Robin
   965 | D:2      | Reached XP level 4. HP: 22/26 MP: 5/5
  1020 | D:2      | Noticed Terence
  1433 | D:2      | Killed Terence
  1434 | D:2      | Reached skill level 4 in Ranged Weapons
  1466 | D:2      | Reached XP level 5. HP: 31/31 MP: 6/6
  1713 | D:3      | Found an iron altar of Okawaru.
  1714 | D:3      | Found a broken altar of Ashenzari.
  1719 | D:3      | Became a worshipper of Ashenzari the Shackled
  1763 | D:3      | Reached skill level 1 in Short Blades
  1845 | D:3      | Noticed Jessica
  1847 | D:3      | Killed Jessica
  1847 | D:3      | Noticed Grinder
  1863 | D:3      | Killed Grinder
  1864 | D:3      | Reached skill level 5 in Ranged Weapons
  1864 | D:3      | Reached XP level 6. HP: 15/38 MP: 7/7
  1864 | D:3      | Reached XP level 7. HP: 17/42 MP: 8/8
  2025 | D:3      | Found a shimmering altar of Xom.
  2040 | D:3      | Reached skill level 5 in Dodging
  2365 | D:3      | Found an ancient bone altar of Kikubaaqudgha.
  2438 | D:4      | Noticed Blork the orc
  2687 | D:4      | Found a sparkling altar of Nemelex Xobeh.
  2724 | D:4      | Reached skill level 6 in Ranged Weapons
  2824 | D:4      | Reached XP level 8. HP: 48/48 MP: 9/9
  2842 | D:4      | Identified the +3 war axe "Bidipaq" {venom, rF+}
  2921 | D:4      | Found a burning altar of Makhleb.
  3509 | D:3      | Killed Blork the orc
  3510 | D:3      | Reached skill level 5 in Fighting
  3556 | D:5      | Entered Level 5 of the Dungeon
  3582 | D:5      | Reached skill level 5 in Short Blades
  3968 | D:5      | Reached skill level 7 in Ranged Weapons
  4029 | D:5      | Reached * piety under Ashenzari
  4029 | D:5      | Identified a scroll of acquirement
  4636 | D:5      | Found a glowing silver altar of Zin.
  4858 | D:6      | Reached skill level 1 in Stealth
  4858 | D:6      | Reached XP level 9. HP: 21/55 MP: 10/10
  4980 | D:6      | Found a staircase to the Ecumenical Temple.
  5079 | D:6      | Reached ** piety under Ashenzari
  5333 | D:6      | Found Fuch's Jewellery Boutique.
  5736 | D:7      | Found Huidigad's Book Shoppe.
  5928 | D:7      | Found a shimmering blue altar of Sif Muna.
  5999 | D:7      | Reached skill level 8 in Ranged Weapons
  6946 | D:7      | Found Girgheh's Fire Supplies.
  7191 | D:8      | Reached XP level 10. HP: 56/64 MP: 12/12
  7257 | D:8      | Reached skill level 5 in Stealth
  7620 | D:8      | Reached skill level 9 in Ranged Weapons
  8274 | D:8      | Noticed a two-headed ogre
  8424 | D:8      | Identified the +7 long sword "Bedu" {speed, Stlth+}
  8443 | D:8      | Learned a level 3 spell: Portal Projectile
  8482 | D:8      | Identified the ring "Peirr" {rN++ Will+}
  8906 | D:8      | Killed a two-headed ogre
 10097 | D:9      | Noticed a two-headed ogre
 10131 | D:9      | Killed a two-headed ogre
 10132 | D:9      | Reached skill level 10 in Ranged Weapons
 10132 | D:9      | Reached XP level 11. HP: 19/71 MP: 11/13
 10371 | D:9      | Reached *** piety under Ashenzari
 11245 | D:9      | Found a hide-covered altar of Uskayaw.
 11599 | D:10     | Entered Level 10 of the Dungeon
 11885 | D:10     | Noticed a two-headed ogre
 11915 | D:10     | Killed a two-headed ogre
 11970 | D:10     | Noticed an ogre mage
 11973 | D:10     | Noticed a two-headed ogre
 11974 | D:10     | Noticed a two-headed ogre
 11976 | D:10     | Noticed a two-headed ogre
 11979 | D:10     | Paralysed by an ogre mage for 2 turns
 11981 | D:10     | Mangled by a two-headed ogre

Illustrated notes

Levels and vault maps discovered:
D:1:      elethiomel_arrival_maze, layout_basic,
          ebering_ecumenical_altar_petrified, chequers_avenue
D:2:      layout_basic, hangedman_abyss_or_decor_stabs,
          minmay_misc_feat_enclosed, uniq_terence, uniq_robin
D:3:      layout_rooms, nicolae_overflow_squiral, led_xom_imps,
          tgw_kikubaaqudgha, st_stairs_11, uniq_grinder, uniq_jessica
D:4:      layout_loops_cross, makhleb_heckhound_becter, old_standard_altar,
          kennysheep_generic_room_7, uniq_blork_the_orc
D:5:      minmay_general_purpose_star, layout_loops_ring, zin_statuary,
          minmay_stone_trees_small
D:6:      layout_loops_ring, minmay_temple_entry_tees, serial_shops, shop,
          hex_tiny, minmay_misc_feat_ornament, nicolae_zen_rock_garden
D:7:      layout_loops_ring, mainiacjoe_overflow_paths, serial_shops,
          nicolae_book_shop_shelving, nicolae_shop_fire_sale
          [nicolae_sub_dead_trees]
D:8:      layout_basic, mrwooster_statue_mirror, minmay_misc_feat_iff
D:9:      layout_layer_cave, lemuel_doored_altar, corexii_leaking_fountain,
          abandoned_shop, bh_circular_ruins
D:10:     minmay_angry_zag, layout_basic, nicolae_ru_awakened_eye

Skill      XL: |  1  2  3  4  5  6  7  8  9 10 11 |
---------------+----------------------------------+-----
Ranged Weapons | 3 4 5 6 7 8 10 | 10.8
Dodging        | 3 4 5 6 8 9 |  9.9
Fighting       | 2 3 4 5 7 8 |  8.8
Short Blades   | 3 4 5 7 9 |  9.9
Stealth        | 1 4 7 8 |  8.5
Spellcasting   | |  1.1
Hexes          | |  3.0

Action                     |  1- 3 |  4- 6 |  7- 9 | 10-12 || total
---------------------------+-------+-------+-------+-------++-------
  Melee: Dagger            |       |    16 |    92 |   197 ||   305
         Punch             |       |       |       |     3 ||     3
   Fire: Sling             |   107 |    86 |   351 |   216 ||   760
   Cast: Slow              |     3 |     8 |    22 |    19 ||    52
 Invoke: Curse Item        |       |       |     4 |     1 ||     5
    Use: Potion            |       |       |     2 |       ||     2
   Stab: Sleeping          |       |       |     1 |     9 ||    10
 Armour: Robe              |    12 |     1 |       |       ||    13
         Animal skin       |       |     7 |    37 |    25 ||    69
  Dodge: Dodged            |    62 |    63 |   245 |   242 ||   612
